 Dungeon Crawl Stone Soup version 0.29-a0-775-g4d7333d4e2 (webtiles) character file.

Game seed: 14235726906005613689

2380 kae the Destroyer (level 9, -6/51 HPs)
             Began as a Tengu Fire Elementalist on July 1, 2022.
             Was a Believer of Vehumet.
             Killed from afar by a gargoyle (33 damage)
             ... with a stone arrow
             ... on level 7 of the Dungeon.
             The game lasted 00:08:00 (8491 turns).

kae the Destroyer (Tengu Fire Elementalist)         Turns: 8491, Time: 00:08:01

Health: -6/51      AC:  4    Str:  9    XL:     9   Next: 45%
Magic:  10/17      EV: 15    Int: 25    God:    Vehumet [**....]
Gold:   378        SH:  0    Dex: 15    Spells: 0/17 levels left

rFire   + . .      SeeInvis .   d - +1 spear
rCold   x . .      Faith    .   (no shield)
rNeg    . . .      Spirit   .   t - +0 leather armour
rPois   .          Reflect  .   (helmet restricted)
rElec   .          Harm     .   (no cloak)
rCorr   .          Rampage  .   j - +0 pair of gloves
Will    .....                   (boots unavailable)
Stlth   ++........              H - amulet of magic regeneration
HPRegen 0.17/turn               I - +6 ring of intelligence
MPRegen 0.55/turn               F - ring of fire

@: flying quickly and evasively, quick
A: beak, talons 3, nimble flight
a: Renounce Religion


You were on level 7 of the Dungeon.
You worshipped Vehumet.
Vehumet was pleased with you.
You visited 1 branch of the dungeon, and saw 7 of its levels.

You collected 378 gold pieces.


Innate Abilities, Weirdness & Mutations

You have a beak for a mouth.
You have claws for feet.
Your magical nature lets you fly swiftly and evasively.


   Skills:
 + Level 3.4 Fighting
 + Level 4.6 Dodging
 - Level 2.0 Stealth
 + Level 4.9 Spellcasting
 * Level 9.2 Conjurations
 * Level 8.5 Fire Magic


You couldn't memorise any spells.
You knew the following spells:

 Your Spells              Type           Power      Damage    Failure   Level
a - Foxfire               Conj/Fire      100%       2x1d9     1%          1
b - Scorch                Fire           100%       2d10      1%          2
c - Conjure Flame         Conj/Fire      66%        6-21      1%          3
d - Inner Flame           Hex/Fire       41%        N/A       6%          3
e - Flame Wave            Conj/Fire      66%        2d12      3%          4
f - Sticky Flame          Conj/Fire      66%        2d8       3%          4

Your spell library contained the following spells:

 Spells                   Type           Power      Damage    Failure   Level
 Sandblast                Erth           12%        2d6       12%         1
 Magic Dart               Conj           100%       1d8       1%          1
 Searing Ray              Conj           100%       2d8       1%          2
 Mephitic Cloud           Conj/Pois/Air  21%        N/A       10%         3
 Apportation              Tloc           12%        N/A       12%         1
 Necrotize                Necr           24%        1d5       12%         1
 Sting                    Tmut/Pois      24%        1d4       12%         1
 Summon Small Mammal      Summ           24%        N/A       12%         1
 Fulminant Prism          Conj/Hex       14%        3d9       17%         4
 Blink                    Tloc           12%        N/A       19%         2
 Poisonous Vapours        Pois/Air       12%        N/A       19%         2
 Ozocubu's Armour         Ice            6%         N/A       34%         3
 Starburst                Conj/Fire      33%        6d10      43%         6
 Corpse Rot               Necr/Pois/Air  6%         N/A       75%         4
 Dispel Undead            Necr           6%         3d8       75%         4
 Olgreb's Toxic Radiance  Pois           6%         N/A       75%         4
 Metabolic Englaciation   Hex/Ice        3%         N/A       97%         5
 Dispersal                Tloc           3%         N/A       100%        6
 Simulacrum               Ice/Necr       3%         N/A       100%        6
 Malign Gateway           Summ/Tloc      3%         N/A       100%        7
 Discord                  Hex            3%         N/A       100%        8
 Death's Door             Necr           3%         N/A       100%        9

Inventory:

Hand Weapons
 d - a +1 spear (weapon)
   (You found it on level 1 of the Dungeon)
Missiles
 c - 70 stones
 r - 4 boomerangs
 v - 21 poisoned darts
Armour
 f - a +0 robe
   (You found it on level 5 of the Dungeon)
 h - a +0 ring mail
   (You found it on level 5 of the Dungeon)
 j - a +0 pair of gloves (worn)
   (You found it on level 1 of the Dungeon)
 o - a +0 robe
   (You took it off a bouda on level 5 of the Dungeon)
 p - a +0 chain mail
   (You took it off an orc on level 5 of the Dungeon)
 t - a +0 leather armour (worn)
   (You took it off an orc on level 3 of the Dungeon)
 y - a +0 ring mail
   (You found it on level 6 of the Dungeon)
 A - a +0 scale mail
   (You took it off an orc on level 6 of the Dungeon)
 C - a +0 leather armour
   (You took it off an orc on level 6 of the Dungeon)
 D - a +0 robe
   (You took it off an orc wizard on level 6 of the Dungeon)
 N - a +0 chain mail
   (You took it off an orc on level 7 of the Dungeon)
 O - a +0 robe
   (You took it off an orc wizard on level 7 of the Dungeon)
 Q - a +0 chain mail
   (You took it off an orc on level 7 of the Dungeon)
 S - a +0 robe
   (You took it off an orc wizard on level 7 of the Dungeon)
 T - a +0 leather armour
   (You took it off an orc on level 7 of the Dungeon)
 U - a +0 leather armour
   (You took it off a bouda on level 7 of the Dungeon)
 V - a +0 robe
   (You took it off an orc wizard on level 7 of the Dungeon)
Magical Staves
 l - a staff of conjuration {!a}
   (You found it on level 2 of the Dungeon)
Jewellery
 i - a +6 ring of intelligence
   (You found it on level 3 of the Dungeon)
 F - a ring of fire (right hand)
   (You found it on level 1 of the Dungeon)
 G - an amulet of guardian spirit
   (You found it on level 7 of the Dungeon)
 H - an amulet of magic regeneration (around neck)
   (You found it on level 4 of the Dungeon)
 I - a +6 ring of intelligence (left hand)
   (You found it on level 1 of the Dungeon)
 R - a ring of resist corrosion
   (You found it on level 1 of the Dungeon)
 W - a ring of magical power
   (You found it on level 6 of the Dungeon)
Wands
 E - a wand of iceblast (5)
   (You found it on level 6 of the Dungeon)
 J - a wand of mindburst (18)
   (You found it on level 4 of the Dungeon)
 X - a wand of flame (11)
   (You found it on level 7 of the Dungeon)
Scrolls
 a - 2 scrolls of torment {!r}
 k - 5 scrolls of identify {@r1}
 m - 2 scrolls of teleportation {@r4}
 q - a scroll of fear
 s - 3 scrolls of poison {!r}
 w - a scroll of vulnerability {!r!r}
 x - a scroll of enchant weapon
 M - a scroll of acquirement
 P - a scroll of brand weapon {unknown}
Potions
 b - a potion of magic
 e - a potion of heal wounds {@q2}
 g - 2 potions of attraction {!q}
 n - a potion of flight
 u - a potion of degeneration {!q}
 z - 3 potions of curing {@q1}
 B - 2 potions of brilliance
 K - a potion of might
 L - a potion of haste {@q3}

Dungeon Overview and Level Annotations

Branches:
Dungeon (7/15) Zot: 26158  Temple (0/1) D:6

Altars:
Cheibriados
Elyvilon
Fedhas
Gozag
Hepliaklqana
Nemelex Xobeh
Vehumet
Wu Jian
Zin

Shops:
D:5 *

Annotations:
D:4 exclusion: statue
D:5 2 runed translucent doors, PaleRider's ghost, novice DECj

.. ... ## ##... ##.. #...# ##..
#.#.###... ยง# #.#.##..>#
######...
##.#.##.#.#############.......#
#..#.##.#...9.@.<.......).#
#.##.##...###########...###
###.##......# ###)###
..........#)# ##.).#
###......#..# ###..###
###.###....## ###...## #...#
#..### #...### <...# #..# #.###
## ...## #.## #.# #.)


You could see a gargoyle (inner flame).


Message History

a +0 trident; an orc corpse
V - a +0 robe You see here a +0 dagger.
You see here a +0 trident.
m - 2 scrolls of teleportation {@r4} (gained 1)
You see here a +0 trident.
You see here a +0 dagger.
Found a stone staircase leading up.
You see here a +0 trident.
Found a stone staircase leading down.
X - a wand of flame (11)
Found an escape hatch in the floor.
You now have 378 gold pieces (gained 21).
You see here a +0 short sword.
A gargoyle comes into view. It is wielding a +0 dire flail.
A gargoyle is nearby!
A gargoyle is nearby!
Casting: Foxfire (safe; 1% risk of failure)
Confirm with . or Enter, or press ? or * to list all spells.
Aiming: Inner Flame (dangerous; 6% risk of failure)
Press: ? - help, Dir - move target, f - gargoyle
Aim: a gargoyle, wielding a +0 dire flail (dormant, chance to affect: 79%)
You feel a surge of power!
You miscast Inner Flame.
You are very lightly contaminated with residual magic.
Nothing appears to happen. ๐Ÿ˜Ž MP[-3]
You lost 3 mp, and now have 14/17 mp.
Casting: Inner Flame (dangerous; 6% risk of failure)
Confirm with . or Enter, or press ? or * to list all spells.
Aiming: Inner Flame (dangerous; 6% risk of failure)
Press: ? - help, Dir - move target, f/p - gargoyle
Aim: a gargoyle, wielding a +0 dire flail (chance to affect: 79%)
You feel a surge of power!
The gargoyle barely resists. ๐Ÿ˜Ž MP[-2]
You lost 2 mp, and now have 12/17 mp.
Casting: Inner Flame (dangerous; 6% risk of failure)
Confirm with . or Enter, or press ? or * to list all spells.
Aiming: Inner Flame (dangerous; 6% risk of failure)
Press: ? - help, Dir - move target, f/p - gargoyle
Aim: a gargoyle, wielding a +0 dire flail (chance to affect: 79%)
You feel a surge of power!
The gargoyle is filled with an inner flame.
The gargoyle hurls a stone arrow at you.
The stone arrow misses you. ๐Ÿ˜Ž MP[-3]
You lost 3 mp, and now have 9/17 mp.
Casting: Inner Flame (dangerous; 6% risk of failure)
Confirm with . or Enter, or press ? or * to list all spells.
You can't see any susceptible monsters within range! (Use Z to cast anyway.)
Casting: Inner Flame (dangerous; 6% risk of failure)
Confirm with . or Enter, or press ? or * to list all spells.
You feel a surge of power!
Flames lash the gargoyle but do no damage.
The gargoyle hurls a stone arrow at you.
The stone arrow hits you! ๐Ÿ˜• HP[-12] MP[-1]
You take 12 damage, and now have 39/51 hp.
MASSIVE DAMAGE!! (PAUSE)
You lost 1 mp, and now have 8/17 mp.
Casting: Scorch (safe; 1% risk of failure)
Confirm with . or Enter, or press ? or * to list all spells.
You feel a surge of power!
Flames lash the gargoyle.
Flame seeps out of the gargoyle.
The gargoyle's fire resistance burns away.
The gargoyle is engulfed in blazing flames.
Flame seeps out of the gargoyle.
The gargoyle hurls a stone arrow at you.
The stone arrow misses you. ๐Ÿ˜• HP[+1]
Casting: Scorch (safe; 1% risk of failure)
Confirm with . or Enter, or press ? or * to list all spells.
You feel a surge of power!
Flames lash the gargoyle.
The gargoyle is burned terribly!
Flame seeps out of the gargoyle.
The gargoyle hits you with a +0 dire flail!!
* * * LOW HITPOINT WARNING * * *
The gargoyle hurls a stone arrow at you.
The stone arrow hits you!!
* * * LOW HITPOINT WARNING * * *
Your magical contamination has completely faded away. ๐Ÿ˜ฑ HP[-39] MP[-1]
You take 39 damage, and now have 1/51 hp.
MASSIVE DAMAGE!! (PAUSE)
You lost 1 mp, and now have 7/17 mp.
Unknown command.
Unknown command.
You can't see any enemies this would affect, really read the scroll of fear?
Okay, then.
Okay, then.
You feel much better.
The gargoyle hits you but does no damage. ๐Ÿ˜ฎ HP[+25]
You regained 25 hp, and now have 26/51 hp. ๐Ÿ˜ฎ MP[+1]
The gargoyle is no longer more vulnerable to fire. ๐Ÿ˜ฎ HP[+1] MP[+1]
The gargoyle hurls a stone arrow at you.
The stone arrow hits you!!
Ouch! That really hurt!
You die...

Skill      XL: |  1  2  3  4  5  6  7  8  9 |
---------------+----------------------------+-----
Conjurations   | 2 3 5 7 8 9 |  9.2
Fire Magic     | 4 5 6 7 8 |  8.5
Spellcasting   | 3 4 |  4.9
Fighting       | 1 2 3 |  3.4
Dodging        | 4 |  4.6
Stealth        | |  2.0

Action                   |  1- 3 |  4- 6 |  7- 9 || total
-------------------------+-------+-------+-------++-------
Melee: Spear             |     6 |     1 |     3 ||    10
       Peck              |     1 |       |     1 ||     2
       Kick              |     2 |       |       ||     2
 Cast: Foxfire           |    47 |    55 |   154 ||   256
       Scorch            |     8 |    10 |    52 ||    70
       Conjure Flame     |       |     1 |     5 ||     6
       Inner Flame       |       |     1 |    24 ||    25
  Use: Scroll            |     3 |     6 |     9 ||    18
       Potion            |       |       |     1 ||     1
Armor: Robe              |     4 |       |     4 ||     8
       Leather armour    |       |       |     7 ||     7
Dodge: Dodged            |    22 |     8 |    43 ||    73

Levels and vault maps discovered:
D:1:      psy_arrival_wood_between_worlds, layout_basic
D:2:      layout_basic
D:3:      minmay_diamond_boxcup, layout_loops_cross,
          nicolae_overflow_hidden_temple, grunt_temple_overflow_diamond,
          chequers_ecumenical_altar_simple, minmay_misc_feat_hallway,
          uniq_grinder, uniq_robin, uniq_terence
D:4:      layout_basic, fedhas_altar_3, vehumet_statue, roderic_lattice_a,
          interstate_on_off
D:5:      layout_loops_ring, elyvilon_altar_5, zin_purify,
          ebering_ghost_disaster_area
D:6:      layout_rooms, cheibriados_altar_1, worldfamousw_hep_ancestral_shrine,
          minmay_temple_entry_gardened_gates, minmay_statues_item
D:7:      layout_rooms

Notes
Turn   | Place    | Note
-------+----------+-------------------------------------------
     0 | D:1      | kae the Tengu Fire Elementalist began the quest for the
                  | Orb.
     0 | D:1      | Reached XP level 1. HP: 10/10 MP: 4/4
     0 | D:1      | magus.rc [v1.11.3]
   175 | D:1      | Reached skill level 2 in Conjurations
   175 | D:1      | Reached XP level 2. HP: 15/15 MP: 3/6
   223 | D:1      | Learned a level 2 spell: Scorch
   477 | D:1      | Reached XP level 3. HP: 18/19 MP: 1/7
   481 | D:1      | Learned a level 3 spell: Conjure Flame
   875 | D:1      | magus.rc [v1.11.3]
  1044 | D:2      | Reached skill level 3 in Conjurations
  1044 | D:2      | Reached skill level 4 in Fire Magic
  1049 | D:2      | HP: 4/19 [poisoned by an adder]
  1847 | D:2      | Reached XP level 4. HP: 24/24 MP: 5/8
  1964 | D:2      | You add the spells Apportation, Blink, Dispersal and Malign
                  | Gateway to your library.
  1964 | D:2      | Got the Almanac of the Voyage
  2181 | D:2      | You add the spells Mephitic Cloud and Discord to your
                  | library.
  2181 | D:2      | Got the Guide on Vitriolic Hexes
  2500 | D:3      | HP: 6/24 [orc/+0 hand axe (1)]
  2679 | D:3      | Noticed a centaur
  3078 | D:3      | Gained mutation: Your magical nature lets you fly swiftly
                  | and evasively. [Tengu growth]
  3078 | D:3      | Reached XP level 5. HP: 28/28 MP: 4/9
  3082 | D:3      | Learned a level 3 spell: Inner Flame
  3102 | D:3      | Killed a centaur
  3103 | D:3      | Reached skill level 4 in Conjurations
  3103 | D:3      | Reached skill level 5 in Fire Magic
  3206 | D:3      | Found a faded altar of an unknown god.
  3236 | D:3      | Noticed Terence
  3255 | D:3      | Killed Terence
  3256 | D:3      | Reached skill level 3 in Spellcasting
  3363 | D:3      | Noticed Grinder
  3367 | D:3      | Paralysed by Grinder for 4 turns
  3372 | D:3      | Killed Grinder
  3373 | D:3      | Reached skill level 5 in Conjurations
  3373 | D:3      | Reached XP level 6. HP: 32/32 MP: 6/12
  3528 | D:3      | You add the spells Sting, Poisonous Vapours and Olgreb's
                  | Toxic Radiance to your library.
  3562 | D:3      | Found an opulent altar of Gozag.
  3565 | D:3      | Found an ornate altar of the Wu Jian Council.
  3569 | D:3      | Found a sparkling altar of Nemelex Xobeh.
  3745 | D:3      | Reached XP level 7. HP: 32/36 MP: 10/13
  3754 | D:3      | Reached skill level 6 in Fire Magic
  3902 | D:3      | Reached skill level 6 in Conjurations
  3962 | D:3      | Noticed Robin
  3966 | D:3      | Killed Robin
  4194 | D:3      | Identified a scroll of acquirement
  4194 | D:3      | Acquired the Handbook of Necromancy and Heat
  4195 | D:3      | You add the spells Sticky Flame, Corpse Rot, Dispel Undead,
                  | Starburst and Death's Door to your library.
  4201 | D:3      | Learned a level 4 spell: Flame Wave
  4672 | D:4      | Found a radiant altar of Vehumet.
  4768 | D:4      | Became a worshipper of Vehumet
  5014 | D:4      | Reached skill level 1 in Fighting
  5135 | D:4      | Found a blossoming altar of Fedhas.
  5176 | D:4      | You pick up a book of Winter and begin reading...
  5176 | D:4      | You add the spells Ozocubu's Armour, Metabolic Englaciation
                  | and Simulacrum to your library.
  5704 | D:5      | Entered Level 5 of the Dungeon
  5714 | D:5      | Reached skill level 7 in Conjurations
  5714 | D:5      | Reached XP level 8. HP: 43/43 MP: 10/14
  5768 | D:5      | Found a white marble altar of Elyvilon.
  5833 | D:5      | You pick up a book of Conjurations and begin reading...
  5833 | D:5      | You add the spells Magic Dart, Searing Ray and Fulminant
                  | Prism to your library.
  5967 | D:5      | Found Zin's Purification Station.
  5971 | D:5      | Found a glowing silver altar of Zin.
  6049 | D:5      | Reached skill level 4 in Spellcasting
  6052 | D:5      | Reached skill level 3 in Dodging
  6238 | D:5      | Reached skill level 7 in Fire Magic
  6449 | D:5      | Found a large runed translucent door.
  6449 | D:5      | Found a large runed translucent door.
  6453 | D:5      | Noticed PaleRider's ghost (novice DECj)
  6636 | D:6      | Reached skill level 2 in Fighting
  6943 | D:6      | Reached * piety under Vehumet
  6943 | D:6      | Offered knowledge of Freeze by Vehumet.
  7027 | D:6      | Found a snail-covered altar of Cheibriados.
  7033 | D:6      | You pick up a book of Cantrips and begin reading...
  7033 | D:6      | You add the spells Necrotize and Summon Small Mammal to
                  | your library.
  7051 | D:6      | Noticed a wraith
  7062 | D:6      | Killed a wraith
  7063 | D:6      | Reached skill level 8 in Conjurations
  7100 | D:6      | Found a staircase to the Ecumenical Temple.
  7219 | D:6      | Reached skill level 4 in Dodging
  7219 | D:6      | Reached XP level 9. HP: 49/49 MP: 12/16
  7300 | D:6      | Reached skill level 8 in Fire Magic
  7319 | D:6      | Learned a level 4 spell: Sticky Flame
  7375 | D:6      | Reached skill level 3 in Fighting
  7521 | D:6      | Found a hazy altar of Hepliaklqana.
  7705 | D:7      | Reached skill level 9 in Conjurations
  8334 | D:7      | Offered knowledge of Sandblast by Vehumet.
  8337 | D:7      | Reached ** piety under Vehumet
  8476 | D:7      | Noticed a gargoyle
  8485 | D:7      | HP: 1/51 [gargoyle/stone arrow (20)]
  8491 | D:7      | Killed from afar by a gargoyle

Vanquished Creatures
  Grinder (D:3)
  A wraith (D:6)
  A water moccasin (D:6)
  An ice beast (D:6)
  A black bear (D:4)
  3 ogres
  2 centaurs
  A phantom (D:7)
  2 kobold brigands
  2 necrophages (D:6)
  2 scorpions
  A howler monkey (D:6)
  2 boudas
  3 jellies
  3 hounds
  3 orc priests
  3 iguanas
  Terence (D:3)
  4 orc wizards
  Robin (D:3)
  7 gnolls
  9 adders
  2 shadow imps
  A white imp (D:6)
  2 ufetubi (D:6)
  A dart slug (D:5)
  26 orcs
  3 bats
  3 endoplasms
  6 giant cockroaches
  15 goblins
  8 hobgoblins
  14 jackals
  4 quokkas
  7 ball pythons
  3 frilled lizards
  13 kobolds
  4 rats
166 creatures vanquished.

Vanquished Creatures (others)
  402 foxfires
402 creatures vanquished.

Grand Total: 568 creatures vanquished

Table legend:
 A = Non-vault XP
 B = Vault XP
 C = Vault XP percentage of total XP
 D = Non-vault monster count
 E = Vault monster count
 F = Vault count percentage of total count
                 A         B        C        D         E       F
            +---------+---------+-------+---------+---------+-------
      Total |    3031 |     369 |  10.9 |     147 |      19 |  11.4
            +---------+---------+-------+---------+---------+-------
        D:1 |      35 |       0 |   0.0 |      20 |       0 |   0.0
        D:2 |      86 |       0 |   0.0 |      23 |       0 |   0.0
        D:3 |     237 |     369 |  60.9 |      26 |      19 |  42.2
        D:4 |     431 |       0 |   0.0 |      13 |       0 |   0.0
        D:5 |     410 |       0 |   0.0 |      17 |       0 |   0.0
        D:6 |    1221 |       0 |   0.0 |      21 |       0 |   0.0
        D:7 |     611 |       0 |   0.0 |      27 |       0 |   0.0
            +---------+---------+-------+---------+---------+-------

Illustrated notes

Table legend:
 A = Kills in this place as a percentage of kills in entire the game.
 B = Kills by you in this place as a percentage of kills by you in the entire game.
 C = Kills by friends in this place as a percentage of kills by friends in the entire game.
 D = Other kills in this place as a percentage of other kills in the entire game.
 E = Experience gained in this place as a percentage of experience gained in the entire game.
 F = Experience gained in this place divided by the number of levels of this place that you have seen.
                   A       B       C       D       E      F
               +-------+-------+-------+-------+-------+----------------------
         Total | 100.0 | 100.0 |   N/A |   N/A | 100.0 | 485.7
       Dungeon | 100.0 | 100.0 |   N/A |   N/A | 100.0 | 485.7
               +-------+-------+-------+-------+-------+----------------------

Table legend: (Time is in decaauts)
 A = Elapsed time spent in this place.
 B = Non-inter-level travel time spent in this place.
 C = Inter-level travel time spent in this place.
 D = Time resting spent in this place.
 E = Time spent auto-exploring this place.
 F = Levels seen in this place.
 G = Mean time per level.
                   A        B        C        D        E       F      G
               +--------+--------+--------+--------+--------+-----+--------+
         Total |   8181 |   7793 |    388 |    313 |   6242 |   7 | 1168.7 |
       Dungeon |   8181 |   7793 |    388 |    313 |   6242 |   7 | 1168.7 |
               +--------+--------+--------+--------+--------+-----+--------+

Top non-repeatable levels by time:
     D:2: 1718 daAuts
     D:3: 1532 daAuts
     D:4: 1349 daAuts
     D:5: 1107 daAuts
     D:1: 950 daAuts
     D:6: 890 daAuts
     D:7: 633 daAuts
